 Dungeon Sprint DCSS version 0.29.1 (webtiles) character file.

Game seed: 2429913844380607382

122 rocky1 the Carver (level 4, 0/42 HPs)
             Began as a Minotaur Gladiator on Sept 13, 2022.
             Succumbed to an orange demon's poison
             ... in the Dungeon (Sprint III: "The Ten Rune Challenge").
             The game lasted 00:01:45 (709 turns).

rocky1 the Carver (Minotaur Gladiator)               Turns: 709, Time: 00:01:46

Health: 0/42       AC:  3    Str: 19    XL:     4   Next: 78%
Magic:  3/3        EV: 14    Int:  5    God:
Gold:   38         SH:  4    Dex: 13    Spells: 3/3 levels left

rFire   . . .      SeeInvis .   a - +0 long sword
rCold   . . .      Faith    .   (no shield)
rNeg    . . .      Spirit   .   b - +0 leather armour
rPois   .          Reflect  .   c - +0 hat
rElec   .          Harm     .   (no cloak)
rCorr   .          Rampage  .   (no gloves)
Will    .....      NoTele   +   (no boots)
Stlth   +.........              (no amulet)
HPRegen 0.00/turn               (no ring)
MPRegen 0.08/turn               (no ring)

@: lethally poisoned (0 -> -19), inhibited regen
A: horns 2, retaliatory headbutt, large bone plates 1, deterioration 1,
inhibited regeneration
a: no special abilities


You were in the Dungeon.
You visited 1 branch You collected 38 gold pieces.

Inventory:

Hand Weapons
 a - a +0 long sword (weapon)
Missiles
 d - 2 throwing nets (quivered)
 e - a javelin
Armour
 b - a +0 leather armour (worn)
 c - a +0 hat (worn)
Scrolls
 k - a scroll of blinking
 l - a scroll of torment {unknown}
 m - a scroll of identify {unknown}
 o - a scroll of poison {unknown}
 p - a scroll of enchant armour {unknown}
Potions
 f - a potion of curing
 g - a potion of heal wounds
 h - a potion of haste
 i - 2 potions of magic
 n - 2 potions of resistance {unknown}
 q - a potion of invisibility {unknown}


   Skills:
 + Level 5.6 Fighting
 * Level 8.1 Long Blades
 - Level 2.0 Throwing
 + Level 4.8 Armour
 + Level 5.7 Dodging


You had 3 spell levels left.
You didn't know any spells.
Your spell library was empty.

Dungeon Overview and Level Annotations

Branches:
Dungeon (1/1)

Altars:
Kikubaaqudgha
Sif Muna
Vehumet


Innate Abilities, Weirdness & Mutations

You have a pair of horns on your head.
You reflexively headbutt those who attack you in melee.
You are partially covered in large bone plates. (SH +4)
Your body sometimes deteriorates upon taking damage.
You do not regenerate when monsters are visible.


Message History

The kobold demonologist hits you with a +0 dagger.
The wizard hits you but does no damage.
You closely miss the wizard.
The wizard is lightly wounded.
The kobold demonologist hits you with a +0 dagger.
The wizard casts a spell.
The wizard blinks!
You hit the kobold demonologist.
The kobold demonologist is moderately wounded.
The wizard gestures at you while chanting.
You block the kobold demonologist's attack.
You hit the kobold demonologist.
Your headbutt misses the kobold demonologist.
The kobold demonologist is severely wounded.
The kobold demonologist hits you with a +0 dagger.
You hit the kobold demonologist.
Your headbutt misses the kobold demonologist.
The kobold demonologist is severely wounded.
You block the kobold demonologist's attack.
You completely miss the kobold demonologist.
You headbutt the kobold demonologist, but do no damage.
The kobold demonologist is severely wounded.
The kobold demonologist gestures wildly while chanting.
You hit the kobold demonologist but do no damage.
The kobold demonologist is severely wounded.
The kobold demonologist casts a spell.
The wizard points at you and mumbles some strange words.
You resist with some effort. The crimson imp barely misses you.
You miss the kobold demonologist.
The kobold demonologist is severely wounded.
The iron imp hits you! The wizard barely misses you.
The kobold demonologist gestures wildly while chanting.
The orange demon stings you from afar!
* * * LOW HITPOINT WARNING * * *
You are lethally poisoned!
The orange demon poisons you! The crimson imp hits you.
* * * LOW HITPOINT WARNING * * *
You completely miss the kobold demonologist.
The kobold demonologist is severely wounded.
You die...

#..#.....♣♣ ♣.#
####....♣.♣ ♣♣.#
...#....~♣♣ ♣..###+#+###
...#...~~♣♣♣♣..#........
..[#†.~~~~..♣♣.'.⌠......
##'#..~≈≈~~~...#...#####
.†)#.~~≈~~~....#.⌠.#
...#.~≈~~~.....#p5.#
...#.~~~.......#@###_
####...........#K55#
...............#54_#
▓▓▓▓▓▓▓▓▓▓▓▓▓▓▓▓▓▓▓▓ ~ ,
~ + ~ , * ~ ~ ~


You could see an orange demon (summoned), a wizard, a kobold demonologist, 2
iron imps, a quasit (summoned) and a crimson imp (summoned).

Vanquished Creatures
  A water elemental (D)
  Jessica (D)
  A human (D)
  A wolf (D)
  2 endoplasms (D)
  A rat (D)
7 creatures vanquished.

Notes
Turn   | Place    | Note
-------+----------+-------------------------------------------
     0 | D        | rocky1 the Minotaur Gladiator began the quest for the Orb.
     0 | D        | Reached XP level 1. HP: 18/18 MP: 0/0
     5 | D        | Reached skill level 4 in Long Blades
     8 | D        | Reached skill level 1 in Armour
   101 | D        | Noticed Jessica
   104 | D        | Killed Jessica
   105 | D        | Reached skill level 5 in Long Blades
   105 | D        | Reached XP level 2. HP: 12/27 MP: 1/1
   105 | D        | Reached XP level 3. HP: 15/33 MP: 2/2
   301 | D        | Reached skill level 6 in Long Blades
   493 | D        | Gained mutation: Your mind is acute. (Int +4, Str/Dex -1)
                  | [potion of mutation]
   493 | D        | Gained mutation: You are frail. (-10% HP) [potion of
                  | mutation]
   493 | D        | Gained mutation: Your muscles are strong. (Str +4, Int/Dex
                  | -1) [potion of mutation]
   494 | D        | Lost mutation: Your mind is acute. (Int +4, Str/Dex -1)
                  | [potion of mutation]
   494 | D        | Lost mutation: You are frail. (-10% HP) [potion of
                  | mutation]
   494 | D        | Gained mutation: You are frail. (-10% HP) [potion of
                  | mutation]
   494 | D        | Gained mutation: You are clumsy. (Dex -2) [potion of
                  | mutation]
   494 | D        | Lost mutation: You are frail. (-10% HP) [potion of
                  | mutation]
   495 | D        | Lost mutation: You are clumsy. (Dex -2) [potion of
                  | mutation]
   495 | D        | Lost mutation: Your muscles are strong. (Str +4, Int/Dex
                  | -1) [potion of mutation]
   495 | D        | Gained mutation: Your mind is acute. (Int +4, Str/Dex -1)
                  | [potion of mutation]
   495 | D        | Gained mutation: You passively map a small area around you.
                  | [potion of mutation]
   496 | D        | Lost mutation: You passively map a small area around you.
                  | [potion of mutation]
   496 | D        | Lost mutation: Your mind is acute. (Int +4, Str/Dex -1)
                  | [potion of mutation]
   496 | D        | Gained mutation: You have large cloven feet. [potion of
                  | mutation]
   496 | D        | Gained mutation: Your body sometimes deteriorates upon
                  | taking damage. [potion of mutation]
   496 | D        | Gained mutation: Your magical capacity is low. (-10% MP)
                  | [potion of mutation]
   497 | D        | Lost mutation: You have large cloven feet. [potion of
                  | mutation]
   497 | D        | Lost mutation: Your magical capacity is low. (-10% MP)
                  | [potion of mutation]
   497 | D        | Lost mutation: Your body sometimes deteriorates upon taking
                  | damage. [potion of mutation]
   497 | D        | Gained mutation: You do not regenerate when monsters are
                  | visible. [potion of mutation]
   497 | D        | Gained mutation: You are partially covered in large bone
                  | plates. (SH +4) [potion of mutation]
   497 | D        | Gained mutation: Your body sometimes deteriorates upon
                  | taking damage. [potion of mutation]
   541 | D        | Noticed a water elemental
   547 | D        | Killed a water elemental
   548 | D        | Reached skill level 5 in Fighting
   548 | D        | Reached skill level 8 in Long Blades
   548 | D        | Reached skill level 5 in Dodging
   548 | D        | Reached XP level 4. HP: 30/42 MP: 3/3
   698 | D        | Found a radiant altar of Vehumet.
   698 | D        | Found a shimmering blue altar of Sif Muna.
   698 | D        | Found an ancient bone altar of Kikubaaqudgha.
   698 | D        | Noticed a wizard
   708 | D        | Noticed an orange demon
   709 | D        | Succumbed to an orange demon's poison

Illustrated notes

Levels and vault maps discovered:
D:        dungeon_sprint_mu [sprint_mu_entry_forest, sprint_mu_temple_rooms,
          sprint_mu_d1_spiders, sprint_mu_d2_genie, sprint_mu_d3_branching,
          sprint_mu_orc_legion, sprint_mu_elf_gauntlet, sprint_mu_hive_nellie,
          sprint_mu_lair_fedhas, sprint_mu_vaults_butterflies,
          sprint_mu_slime_circle, sprint_mu_swamp_cave, sprint_mu_snake_twists,
          sprint_mu_blade_basic, sprint_mu_crypt_fortress,
          sprint_mu_tomb_spiral, sprint_mu_vestibule_basic,
          sprint_mu_gehenna_hellfire, sprint_mu_dis_giant,
          sprint_mu_tartarus_statrot, sprint_mu_cocytus_islands, sprint_mu_zot1]

Skill      XL: |  1  2  3 |
---------------+----------+-----
Long Blades    | 5 8 |  8.1
Armour         | 2 4 |  4.8
Fighting       | 4 5 |  5.6
Dodging        | 4 5 |  5.7
Throwing       | |  2.0

Action                   |  1- 3 |  4- 6 || total
-------------------------+-------+-------++-------
Melee: Long sword        |    30 |    10 ||    40
       Headbutt          |     5 |     1 ||     6
Throw: Throwing net      |     1 |       ||     1
  Use: Potion            |     6 |       ||     6
Armor: Leather armour    |     4 |     1 ||     5
Dodge: Dodged            |    14 |     2 ||    16
Block: Other             |       |     2 ||     2
